 Dungeon Crawl Stone Soup version 0.21.1-1-g345015fe64 (webtiles) character file.

3278 RUZZLEFAZAZZLE the Blocker (level 10, 0/80 HPs)
             Began as a Gnoll Fighter on Feb 10, 2018.
             Slain by an orc warlord
             ... wielding a +0 great sword
              (11 damage)
             ... in a bailey.
             The game lasted 00:15:52 (5992 turns).

RUZZLEFAZAZZLE the Blocker (Gnoll Fighter)          Turns: 5992, Time: 00:15:53

Health: 0/80       AC: 15    Str: 19 (22) XL:     10   Next: 0%
Magic:  17/17      EV:  7    Int:  9 (10) God:
Gold:   388        SH: 12    Dex: 16 (18) Spells: 18/18 levels left

rFire    . . .     SeeInvis .   k - +3 long sword (elec)
rCold    . . .     Gourm    .   c - +1 shield
rNeg     . . .     Faith    +   l - +0 plate armour
rPois    +         Spirit   .   (no helmet)
rElec    .         Reflect  .   (no cloak)
rCorr    .         Harm     .   m - +0 pair of gloves
MR       .....                  (no boots)
Stlth    ..........             r - amulet of faith
HPRegen  0.23/turn              y - ring of poison resistance
MPRegen  0.15/turn              j - +3 ring of dexterity

@: no status effects
A: distributed training, fangs 1, strong nose
a: no special abilities


You were in a bailey.
You were hungry.

You visited 1 branch of the dungeon, and saw 7 of its levels.
You also visited: Bailey.

You collected 388 gold pieces.

Inventory:

Hand Weapons
 k - a +3 long sword of electrocution (weapon)
Missiles
 p - a tomahawk (quivered)
 A - 4 javelins
Armour
 c - a +1 shield (worn)
 l - a +0 plate armour (worn)
 m - a +0 pair of gloves (worn)
Jewellery
 j - a +3 ring of dexterity (right hand)
 n - an uncursed ring of protection from fire
 r - an amulet of faith (around neck)
 y - a ring of poison resistance (left hand)
Wands
 v - a wand of flame (33)
 z - a wand of random effects (17)
Scrolls
 a - 4 scrolls of teleportation
 i - 4 scrolls of identify
 s - 5 scrolls of remove curse
 u - 2 scrolls of amnesia
 w - a scroll of enchant armour
Potions
 e - 4 potions of curing
 g - a potion of haste
 o - 2 potions of heal wounds
 t - a potion of might
 x - 4 potions of agility
Comestibles
 f - 11 rations
 D - 19 chunks of flesh


   Skills:
 + Level 8.1 Fighting
 + Level 4.7 Short Blades
 + Level 4.7 Long Blades
 + Level 6.6 Axes
 + Level 4.7 Maces & Flails
 + Level 4.7 Polearms
 + Level 4.7 Staves
 + Level 4.7 Slings
 + Level 4.7 Bows
 + Level 4.7 Crossbows
 + Level 4.7 Throwing
 + Level 8.1 Armour
 + Level 4.7 Dodging
 + Level 4.7 Stealth
 + Level 8.1 Shields
 + Level 4.7 Unarmed Combat
 + Level 4.7 Spellcasting
 + Level 3.9 Conjurations
 + Level 3.9 Hexes
 + Level 3.9 Charms
 + Level 3.9 Summonings
 + Level 3.9 Necromancy
 + Level 3.9 Translocations
 + Level 3.9 Transmutations
 + Level 3.9 Fire Magic
 + Level 3.9 Ice Magic
 + Level 3.9 Air Magic
 + Level 3.9 Earth Magic
 + Level 3.9 Poison Magic
 + Level 5.2 Invocations
 + Level 4.7 Evocations


You had 18 spell levels left.
You didn't know any spells.

Dungeon Overview and Level Annotations

Branches:
Dungeon (7/15)
 Temple: D:4-7

Altars:
Makhleb
Nemelex Xobeh
Qazlal
Sif Muna
Vehumet
Wu Jian
Zin


Innate Abilities, Weirdness & Mutations

Your experience applies equally to all skills.
You have very sharp teeth.
Your uncanny sense of smell can sniff out nearby items.


Message History

The orc knight no longer looks unusually strong.
The orc warrior no longer looks unusually strong.
The orc knight wails, "Help!"
The orc warlord hits you with a great sword!!
* * * LOW HITPOINT WARNING * * *
The orc knight weeps quietly.
You hit the orc warlord.
Lightning courses through the orc warlord!
You bite the orc warlord, but do no damage.
The orc warlord is heavily wounded.
The hobgoblin starts to cry.
The orc warlord hits you with a great sword!
* * * LOW HITPOINT WARNING * * *
You hit the orc warlord but do no damage.
Your bite misses the orc warlord.
The orc warlord is heavily wounded.
The orc warlord barely misses you.
There is a gate leading back out of this place here.
The orc warlord hits you with a great sword!
You die...

####### ##..@..## #...o...#
##.......## #.........#
##.........##
#######.....g.....#######
##.....##)).......##.....##
#.......')........')......#
##.......##.......##)......##


You could see an orc warlord and a hobgoblin.

Vanquished Creatures
  Pikel (D:6)
  The ghost of garbagetei the Poker, a novice GrGl (D:5)
  The ghost of luab the Slasher, an amateur GnCK of Xom (D:4)
  Menkaure (D:4)
  Duvessa (D:7)
  4 orc warriors (Bailey)
  A sky beast (D:6)
  5 ogres
  A centaur (D:4)
  Blork the orc (D:6)
  Dowan (D:7)
  3 scorpions
  3 wights (D:6)
  A crimson imp (D:6)
  A quasit (D:6)
  A hound (D:7)
  2 orc priests
  5 orc wizards
  Natasha (D:3)
  An iguana (D:5)
  5 worker ants
  2 hound skeletons
  7 adders
  13 gnolls
  A shadow imp (D:5)
  An ooze (D:1)
  3 worms
  3 dart slugs
  5 leopard geckos
  35 orcs
  10 bats
  5 giant cockroaches
  19 goblins
  19 hobgoblins
  3 quokkas
  2 ball pythons (D:2)
  6 frilled lizards
  4 kobolds
  8 rats
187 creatures vanquished.

Vanquished Creatures (others)
  Sigmund (D:6)
  A bullfrog (D:6)
  A scorpion (D:6)
  A worker ant zombie (D:6)
  An orc (D:6)
5 creatures vanquished.

Grand Total: 192 creatures vanquished

Notes
Turn   | Place    | Note
-------+----------+-------------------------------------------
     0 | D:1      | RUZZLEFAZAZZLE the Gnoll Fighter began the quest for the Orb.
     0 | D:1      | Reached XP level 1. HP: 23/23 MP: 1/1
   104 | D:1      | Reached XP level 2. HP: 29/29 MP: 2/2
   429 | D:1      | Reached XP level 3. HP: 34/35 MP: 3/3
   562 | D:2      | Reached skill level 1 in Invocations
   934 | D:2      | Reached skill level 1 in Short Blades
   934 | D:2      | Reached skill level 1 in Long Blades
   934 | D:2      | Reached skill level 1 in Maces & Flails
   934 | D:2      | Reached skill level 1 in Polearms
   934 | D:2      | Reached skill level 1 in Staves
   934 | D:2      | Reached skill level 1 in Slings
   934 | D:2      | Reached skill level 1 in Bows
   934 | D:2      | Reached skill level 1 in Crossbows
   934 | D:2      | Reached skill level 1 in Throwing
   934 | D:2      | Reached skill level 1 in Dodging
   934 | D:2      | Reached skill level 1 in Stealth
   934 | D:2      | Reached skill level 1 in Unarmed Combat
   934 | D:2      | Reached skill level 1 in Spellcasting
   934 | D:2      | Reached skill level 1 in Evocations
   983 | D:2      | Found a burning altar of Makhleb.
  1003 | D:2      | Found an ornate altar of the Wu Jian Council.
  1032 | D:2      | Found a glowing silver altar of Zin.
  1228 | D:3      | Reached XP level 4. HP: 39/41 MP: 5/5
  1701 | D:3      | Reached skill level 1 in Conjurations
  1701 | D:3      | Reached skill level 1 in Hexes
  1701 | D:3      | Reached skill level 1 in Charms
  1701 | D:3      | Reached skill level 1 in Summonings
  1701 | D:3      | Reached skill level 1 in Necromancy
  1701 | D:3      | Reached skill level 1 in Translocations
  1701 | D:3      | Reached skill level 1 in Transmutations
  1701 | D:3      | Reached skill level 1 in Fire Magic
  1701 | D:3      | Reached skill level 1 in Ice Magic
  1701 | D:3      | Reached skill level 1 in Air Magic
  1701 | D:3      | Reached skill level 1 in Earth Magic
  1701 | D:3      | Reached skill level 1 in Poison Magic
  1997 | D:4      | Noticed Natasha
  2022 | D:3      | Killed Natasha
  2022 | D:3      | Reached XP level 5. HP: 11/47 MP: 6/6
  2295 | D:4      | Noticed Menkaure
  2304 | D:4      | Killed Menkaure
  2304 | D:4      | Reached skill level 5 in Axes
  2304 | D:4      | Reached XP level 6. HP: 32/53 MP: 8/8
  2595 | D:4      | Noticed luab's ghost (amateur GnCK)
  2610 | D:4      | Reached XP level 7. HP: 51/59 MP: 10/10
  2617 | D:4      | Killed luab's ghost
  2724 | D:4      | Reached XP level 8. HP: 23/67 MP: 12/12
  3083 | D:5      | Entered Level 5 of the Dungeon
  3206 | D:5      | Found a deep blue altar of Sif Muna.
  3210 | D:5      | Found a stormy altar of Qazlal.
  3444 | D:5      | Noticed garbagetei's ghost (novice GrGl)
  3467 | D:5      | Killed garbagetei's ghost
  3870 | D:6      | Noticed Pikel
  3880 | D:6      | Killed Pikel
  3880 | D:6      | Reached XP level 9. HP: 69/72 MP: 14/14
  4157 | D:6      | Killed Sigmund
  4272 | D:6      | Found a sparkling altar of Nemelex Xobeh.
  4318 | D:6      | Noticed Blork the orc
  4336 | D:6      | Killed Blork the orc
  4911 | D:6      | Found a radiant altar of Vehumet.
  5270 | D:7      | Noticed Duvessa
  5270 | D:7      | Noticed Dowan
  5277 | D:7      | Killed Dowan
  5286 | D:7      | Killed Duvessa
  5341 | D:7      | Found a flagged portal.
  5354 | Bailey   | Entered a bailey
  5491 | Bailey   | Reached skill level 5 in Invocations
  5886 | Bailey   | Reached XP level 10. HP: 80/80 MP: 17/17
  5940 | Bailey   | Noticed an orc knight
  5940 | Bailey   | Noticed an orc warlord
  5940 | Bailey   | Noticed an orc knight
  5992 | Bailey   | Slain by an orc warlord

Skill      XL: |  1  2  3  4  5  6  7  8  9 |
---------------+----------------------------+-----
Invocations    | 1 2 3 4 5 |  5.2
Short Blades   | 1 2 3 4 |  4.7
Long Blades    | 1 2 3 4 |  4.7
Maces & Flails | 1 2 3 4 |  4.7
Polearms       | 1 2 3 4 |  4.7
Staves         | 1 2 3 4 |  4.7
Slings         | 1 2 3 4 |  4.7
Bows           | 1 2 3 4 |  4.7
Crossbows      | 1 2 3 4 |  4.7
Throwing       | 1 2 3 4 |  4.7
Dodging        | 1 2 3 4 |  4.7
Stealth        | 1 2 3 4 |  4.7
Unarmed Combat | 1 2 3 4 |  4.7
Spellcasting   | 1 2 3 4 |  4.7
Evocations     | 1 2 3 4 |  4.7
Conjurations   | 1 2 3 |  3.9
Hexes          | 1 2 3 |  3.9
Charms         | 1 2 3 |  3.9
Summonings     | 1 2 3 |  3.9
Necromancy     | 1 2 3 |  3.9
Translocations | 1 2 3 |  3.9
Transmutations | 1 2 3 |  3.9
Fire Magic     | 1 2 3 |  3.9
Ice Magic      | 1 2 3 |  3.9
Air Magic      | 1 2 3 |  3.9
Earth Magic    | 1 2 3 |  3.9
Poison Magic   | 1 2 3 |  3.9
Axes           | 5 6 |  6.6
Fighting       | 7 8 |  8.1
Armour         | 7 8 |  8.1
Shields        | 7 8 |  8.1

Action                   |  1- 3 |  4- 6 |  7- 9 | 10-12 || total
-------------------------+-------+-------+-------+-------++-------
Melee: War axe           |    86 |    96 |   192 |       ||   374
       Bite              |     8 |    11 |    58 |     7 ||    84
       Long sword        |       |       |   183 |    38 ||   221
Throw: Tomahawk          |       |       |     3 |       ||     3
       Javelin           |       |       |     2 |       ||     2
  Use: Scroll            |     3 |     4 |     4 |     3 ||    14
       Potion            |       |     2 |     1 |     6 ||     9
 Stab: Distracted        |       |       |     1 |       ||     1
  Eat: Chunk             |     1 |     2 |     7 |       ||    10
       Ration            |       |     1 |     1 |       ||     2
Armor: Scale mail        |    18 |       |       |       ||    18
       Plate armour      |    19 |    45 |   183 |     4 ||   251
       Skin              |       |       |       |     1 ||     1
Dodge: Dodged            |    26 |    34 |   115 |     9 ||   184
Block: Shield            |    57 |    74 |   301 |    17 ||   449
       Rpst.: Long sword |       |       |    27 |     4 ||    31
